 Dungeon Crawl Stone Soup version 0.31-a0-640-g39d97e502b (webtiles) character file.

Game seed: 7062659907966812506

259 qw the Shooter (level 6, -1/38 HPs)
             Began as a Gargoyle Hunter on Aug 27, 2023.
             Slain by a lemure (7 damage)
             ... led by Pikel
             ... on level 4 of the Dungeon.
             The game lasted 00:01:12 (2257 turns).

qw the Shooter (Gargoyle Hunter)                    Turns: 2257, Time: 00:01:12

Health: -1/38      AC: 10    Str: 14    XL:     6   Next: 17%
Magic:  6/6        EV: 10    Int: 10    God:
Gold:   37         SH:  0    Dex: 13    Spells: 5/5 levels left

rFire   . . .        Y - +1 shortbow
rCold   . . .        (shield currently unavailable)
rNeg    + . .        j - +0 ring mail
rPois   inf          e - +0 helmet
rElec   +            (no cloak)
rCorr   .            (no gloves)
SInv    .            (no boots)
Will    .....        (no amulet)
Stlth   +            (no ring)
HPRegen 0.26/turn    (no ring)
MPRegen 0.10/turn

%: no passive effects
@: no status effects
A: sickness immunity, AC +4, negative energy resistance 1, electricity
resistance, torment resistance 1, petrification resistance, clumsy 1
a: no special abilities


You were on level 4 of the Dungeon.
You visited 1 branch of the dungeon, and saw 4 of its levels.

You collected 140 gold pieces.
You spent 103 gold pieces at shops.


Innate Abilities, Weirdness & Mutations

You are immune to sickness and miasma.
Your stone body is resilient. (AC +4)
You are immune to poison.
You resist negative energy. (rN+)
You are resistant to electric shocks. (rElec)
You are resistant to unholy torment.
You are immune to petrification.
You are clumsy. (Dex -2)


   Skills:
 - Level 4.0 Fighting
 + Level 6.3 Ranged Weapons
 - Level 1.2 Armour
 - Level 1.5 Dodging
 - Level 1.1 Stealth


You had 5 spell levels left.
You didn't know any spells.
Your spell library was empty.

Inventory:

Hand Weapons
 Y - a +1 shortbow (weapon)
Armour
 e - a +0 helmet (worn)
 j - a +0 ring mail (worn)
Scrolls
 f - 3 scrolls of identify
Potions
 a - a potion of curing
 b - a potion of haste
 i - 2 potions of mutation

Dungeon Overview and Level Annotations

Branches:
Dungeon (4/15)
 Temple: D:4-7

Altars:

Shops:
D:3 [

Annotations:
D:4 Pikel


Message History

The arrow hits the lemure but does no damage.
The lemure hits you!
A lemure comes into view.
You shoot an arrow. The arrow misses the lemure.
The lemure barely misses you. The lemure hits you.
You shoot an arrow.
The arrow hits the lemure but does no damage.
The lemure hits you.
You shoot an arrow.
The arrow hits the lemure but does no damage.
The lemure barely misses you.
You shoot an arrow. The arrow hits the lemure.
The lemure is lightly wounded.
The lemure hits you but does no damage.
You shoot an arrow. The arrow hits the lemure.
The lemure is lightly wounded.
A lemure comes into view.
The lemure hits you.
You shoot an arrow. The arrow hits the lemure.
The lemure is moderately wounded.
The lemure closely misses you.
You shoot an arrow. The arrow hits the lemure.
The lemure is heavily wounded.
The lemure barely misses you. The lemure closely misses you.
You shoot an arrow. The arrow hits the lemure.
The lemure is heavily wounded.
The lemure closely misses you.
You shoot an arrow. The arrow barely misses the lemure.
The arrow hits the lemure.
The lemure is lightly wounded.
The lemure hits you.
You shoot an arrow. The arrow barely misses the lemure.
The arrow hits the lemure but does no damage.
The lemure is lightly wounded.
The lemure hits you.
You shoot an arrow. The arrow hits the lemure.
The lemure is severely wounded.
Pikel, Merchant of Souls comes into view.
He is wielding a +0 whip of flaming.
The lemure closely misses you. The lemure hits you!
You die...

#... #.# # ##..g#### #.#
.#
g......K#####.#####.####
..g>....................
.... ...##........####
.....##.##.#####<.#
......w55%.# #..#
#....##5#### .#.# #.#
#@# .# #. #.# .# #. ..#
## ## .### #. #


You could see Pikel (wandering), 3 lemures and a worm.

Vanquished Creatures
  A lemure (D:4)
  Jessica (D:3)
  Natasha (thrice) (D:3)
  An adder (D:2)
  7 gnolls
  4 worms
  3 dart slugs
  3 orcs (D:3)
  7 ball pythons
  8 endoplasms
  4 goblins
  7 hobgoblins
  4 bats
  2 frilled lizards
  7 kobolds
  6 rats
68 creatures vanquished.

Notes
Turn   | Place    | Note
-------+----------+-------------------------------------------
     0 | D:1      | qw the Gargoyle Hunter began the quest for the Orb.
     0 | D:1      | Reached XP level 1. HP: 12/12 MP: 1/1
     0 | D:1      | 0 ||| qw: Version: 0.3-a-74-g0d5e918
     0 | D:1      | 0 ||| qw: Game counter: 162
     0 | D:1      | 0 ||| qw: Melee chars always use a shield: true
     0 | D:1      | 0 ||| qw: God list: Okawaru
     0 | D:1      | 0 ||| qw: Allow faded altars: false
     0 | D:1      | 0 ||| qw: Do Orc after clearing Dungeon:15 true
     0 | D:1      | 0 ||| qw: Do second Lair branch before Depths: true
     0 | D:1      | 0 ||| qw: Lair rune preference: random
     0 | D:1      | 0 ||| qw: Goals: Normal
     0 | D:1      | 0 ||| PLANNING D:1-11
   158 | D:1      | Reached XP level 2. HP: 17/17 MP: 2/2
   535 | D:1      | 535 ||| READING scroll labelled HEKIRO KICUE.
   548 | D:1      | 548 ||| READING 2 scrolls labelled NAUXOU GIKEU.
   551 | D:1      | 551 ||| READING 4 scrolls labelled TEATHR BIYRHUR.
   552 | D:1      | 552 ||| READING 3 scrolls of identify.
   552 | D:1      | 552 ||| IDENTIFYING golden potion
   553 | D:1      | 553 ||| READING 2 scrolls of identify.
   553 | D:1      | 553 ||| IDENTIFYING puce potion
   554 | D:1      | 554 ||| DROPPING scroll of butterflies.
   555 | D:1      | 555 ||| DROPPING potion of brilliance.
   675 | D:2      | Reached XP level 3. HP: 21/21 MP: 3/3
   779 | D:2      | Reached skill level 5 in Ranged Weapons
  1141 | D:2      | 1141 ||| RETREATING.
  1157 | D:2      | HP: 5/22 [gnoll/+0 whip (2)]
  1158 | D:2      | 1158 ||| READING scroll of teleportation.
  1159 | D:2      | 1159 ||| DRINKING potion of heal wounds.
  1161 | D:2      | Reached skill level 3 in Fighting
  1163 | D:2      | Reached XP level 4. HP: 21/28 MP: 4/4
  1282 | D:2      | 1282 ||| READING scroll labelled SOIG IVOJO.
  1283 | D:2      | 1283 ||| READING scroll labelled VANARA CEB.
  1284 | D:2      | 1284 ||| DRINKING 2 sedimented inky potions.
  1284 | D:2      | Gained mutation: You are clumsy. (Dex -2) [potion of
                  | mutation]
  1509 | D:3      | Identified the +4 spear of Gallantry {flame, rF+ Int+5
                  | Dex+2}
  1765 | D:3      | Found Himm's Antique Armour Shop.
  1776 | D:3      | 1776 ||| BUYING helmet (103 gold).
  1776 | D:3      | Bought a helmet for 103 gold pieces
  1776 | D:3      | 1776 ||| SHOPLISTING runed helmet (172 gold, have 31).
  1833 | D:3      | Noticed Natasha
  1841 | D:3      | Killed Natasha
  1842 | D:3      | Reached XP level 5. HP: 22/32 MP: 5/5
  1911 | D:3      | Noticed Natasha
  1919 | D:3      | Killed Natasha
  1920 | D:3      | Reached skill level 6 in Ranged Weapons
  1945 | D:3      | Noticed Natasha
  1956 | D:3      | Killed Natasha
  2086 | D:3      | Noticed Jessica
  2091 | D:3      | Killed Jessica
  2146 | D:3      | 2146 ||| UPGRADING to +0 helmet.
  2151 | D:3      | 2151 ||| UPGRADING to +0 ring mail.
  2161 | D:3      | 2161 ||| DROPPING +0 leather armour.
  2162 | D:3      | 2162 ||| READING scroll labelled ZOTOM ULOPUEC.
  2163 | D:3      | 2163 ||| READING scroll labelled ALOOGA SA YSSY.
  2164 | D:3      | 2164 ||| DRINKING 2 fuming puce potions.
  2165 | D:3      | 2165 ||| DRINKING 2 sedimented coppery potions.
  2166 | D:3      | 2166 ||| READING 4 scrolls of identify.
  2166 | D:3      | 2166 ||| IDENTIFYING green potion
  2167 | D:3      | 2167 ||| DROPPING potion of degeneration.
  2207 | D:4      | 2207 ||| Stepping ~*~*~tactically~*~*~ (outnumbered).
  2208 | D:4      | Noticed a lemure
  2209 | D:4      | 2209 ||| RETREATING.
  2211 | D:4      | 2211 ||| Stepping ~*~*~tactically~*~*~ (outnumbered).
  2215 | D:4      | Reached XP level 6. HP: 35/38 MP: 6/6
  2217 | D:4      | Reached skill level 1 in Armour
  2255 | D:4      | HP: 7/38 [lemure[Pikel] (5)]
  2257 | D:4      | Noticed Pikel
  2257 | D:4      | Slain by a lemure

Levels and vault maps discovered:
D:1:      matt_arrival_los_fun, layout_basic, grunt_decor_arrowhead
D:2:      minmay_wonky_spiral, layout_basic, grunt_ministairs_6,
          nicolae_wormholes
D:3:      minmay_angry_zag, layout_basic, serial_shops, shop, minmay_pentangle,
          uniq_jessica, uniq_natasha
D:4:      layout_loops_ring, kennysheep_slug_shrine, uniq_pikel

Skill      XL: |  1  2  3  4  5  6 |
---------------+-------------------+-----
Ranged Weapons | 5 6 |  6.3
Fighting       | 3 4 |  4.0
Armour         | 1 |  1.2
Dodging        | |  1.5
Stealth        | |  1.1

Action                     |  1- 3 |  4- 6 || total
---------------------------+-------+-------++-------
   Fire: Shortbow          |   123 |   190 ||   313
    Use: Scroll            |     6 |     5 ||    11
         Potion            |     1 |     3 ||     4
 Armour: Leather armour    |    17 |    21 ||    38
         Ring mail         |       |    14 ||    14
  Dodge: Dodged            |    37 |    60 ||    97

Table legend:
 A = Non-vault XP
 B = Vault XP
 C = Vault XP percentage of total XP
 D = Non-vault monster count
 E = Vault monster count
 F = Vault count percentage of total count
                 A         B        C        D         E       F
            +---------+---------+-------+---------+---------+-------
      Total |     276 |      95 |  25.6 |      55 |      12 |  17.9
            +---------+---------+-------+---------+---------+-------
        D:1 |      20 |       0 |   0.0 |      13 |       0 |   0.0
        D:2 |      90 |      13 |  12.6 |      21 |       5 |  19.2
        D:3 |     105 |      82 |  43.9 |      15 |       7 |  31.8
        D:4 |      61 |       0 |   0.0 |       6 |       0 |   0.0
            +---------+---------+-------+---------+---------+-------
